 Dungeon Crawl Stone Soup version 0.16-a0-4002-g2d13b8e (console) character file.

11 MarvinPA the Digger (level 2, 0/20 HPs)
             Began as a Demigod Earth Elementalist on Feb 14, 2015.
             Slain by a kobold (3 damage)
             ... on level 1 of the Dungeon.
             The game lasted 00:03:31 (704 turns).

MarvinPA the Digger (Demigod Earth Elementalist)     Turns: 704, Time: 00:03:31

Health: 0/20       AC:  2    Str: 11    XL:     2   Next: 6%
Magic:  5/5        EV: 12    Int: 19    God:
Gold:   53         SH:  0    Dex: 16    Spells: 1 memorised, 4 levels left

rFire  . . .     SeeInvis .     (no weapon)
rCold  . . .     Clarity  .     c - +0 robe
rNeg   . . .     SustAb   +     (no shield)
rPois  .         Gourm    .     (no helmet)
rElec  .         Spirit   .     (no cloak)
rCorr  .         Warding  .     (no gloves)
rMut   .         Stasis   .     (no boots)
MR     .....                    (no amulet)
Stlth  ++........               (no ring)
                                (no ring)

@: not resistant to hostile enchantments, unstealthy
A: sustain abilities
a: no special abilities


You were on level 1 of the Dungeon.
You were not hungry.

You visited 1 branch of the dungeon, and saw 1 of its levels.

You collected 53 gold pieces.


Innate Abilities, Weirdness & Mutations

Your attributes are resistant to harm.


   Skills:
 - Level 1.7 Dodging
 - Level 1.7 Stealth
 + Level 2.1 Spellcasting
   Level 0.8 Transmutations
 + Level 3.1 Earth Magic


You had 4 spell levels left.
You knew the following spells:

 Your Spells              Type           Power        Failure   Level  Hunger
z - Sandblast             Erth           ##....       6%          1    #......

Inventory:

Missiles
 b - 15 stones (quivered)
 k - 2 throwing nets {=f}
Armour
 c - a +0 robe (worn)
Scrolls
 f - a scroll of teleportation {unknown}
 j - a scroll of amnesia {unknown}
 l - a scroll of random uselessness {unknown}
Potions
 e - a potion of magic {unknown}
 g - 2 potions of cure mutation {unknown}
 i - a potion of curing {unknown}
Books
 d - a book of Geomancy
Comestibles
 a - 3 bread rations

Dungeon Overview and Level Annotations

Branches:
Dungeon (1/15)

#.....g#...#..#....g.
##......#...#.#..#...
####..##..#.......##.# #######
#...........#.#...##£# ##.....##
#........##...#..."...
##...B...###........###..#..#....
#.........##.....................
#.........##.....................
#.........######p##.......#......
#........÷######K####..........##
#.............##g# ###........##
#..........##.##.######..........
#>.........##.##.##..............
#..........##g##.##.........#....
#..........##.##.##..........#...
..........##.##.##........#.....
.......#.##.....#........###...


You could see a hobgoblin and a kobold.


Message History

You barely miss the kobold.
The kobold is severely wounded.
The kobold closely misses you.
You completely miss the kobold.
The kobold is severely wounded.
The kobold closely misses you.
You hit the kobold but do no damage.
The kobold is severely wounded.
The kobold barely misses you.
You hit the kobold but do no damage.
The kobold is severely wounded.
The kobold barely misses you.
You closely miss the kobold.
The kobold is severely wounded.
The kobold hits you.
* * * LOW HITPOINT WARNING * * *
You hit the kobold but do no damage.
The kobold is severely wounded.
The kobold misses you.
You barely miss the kobold.
The kobold is severely wounded.
The kobold hits you but does no damage.
You barely miss the kobold.
The kobold is severely wounded.
The kobold hits you.
* * * LOW HITPOINT WARNING * * *
You closely miss the kobold.
The kobold is severely wounded.
The kobold hits you.
You die...

Action                   || total
-------------------------++-------
Melee: Unarmed           ||    40
 Cast: Sandblast         ||    37

Vault maps used:
D:1:      dpeg_arrival_connections

Notes
Turn   | Place    | Note
--------------------------------------------------------------
     0 | D:1      | MarvinPA, the Demigod Earth Elementalist, began the quest for the Orb.
     0 | D:1      | Reached XP level 1. HP: 14/14 MP: 3/3
   226 | D:1      | Reached skill level 2 in Spellcasting
   226 | D:1      | Reached skill level 3 in Earth Magic
   470 | D:1      | Reached XP level 2. HP: 18/20 MP: 3/5
   618 | D:1      | HP: 2/20 [kobold (1)]
   704 | D:1      | Slain by a kobold

Vanquished Creatures
  3 bats (D:1)
  A hobgoblin (D:1)
  A quokka (D:1)
  A giant newt (D:1)
  4 goblins (D:1)
  3 rats (D:1)
13 creatures vanquished.
